 Dungeon Crawl Stone Soup version 0.27-a0-1555-g0e7b3fb1d2 (webtiles) character file.

Game seed: 11530159979265395849

25 wakim the Chiller (level 2, -17/15 HPs)
             Began as a Deep Elf Ice Elementalist on July 14, 2021.
             Killed from afar by Ijyb (19 damage)
             ... with a bolt of acid
             ... on level 3 of the Dungeon.
             The game lasted 00:03:52 (2216 turns).

wakim the Chiller (Deep Elf Ice Elementalist)       Turns: 2216, Time: 00:03:53

Health: -17/15     AC:  3    Str:  5    XL:     2   Next: 82%
Magic:  5/8        EV: 12    Int: 19    God:
Gold:   57         SH:  5    Dex: 15    Spells: 6/7 levels left

rFire    . . .     SeeInvis .   a - +1 short sword (protect)
rCold    . . .     Faith    .   l - +2 buckler
rNeg     . . .     Spirit   .   c - +0 robe
rPois    .         Reflect  .   (no helmet)
rElec    .         Harm     .   (no cloak)
rCorr    .         Rampage  .   i - +0 pair of gloves
Will     .....                  (no boots)
Stlth    ++........             (no amulet)
HPRegen  0.05/turn              (no ring)
MPRegen  0.11/turn              (no ring)

@: no status effects
A: no striking features
a: no special abilities


You were on level 3 of the Dungeon.
You visited 1 branch of the dungeon, and saw 3 of its levels.

You collected 57 gold pieces.

Inventory:

Hand Weapons
 a - a +1 short sword of protection (weapon)
Armour
 c - a +0 robe (worn)
 i - a +0 pair of gloves (worn)
 l - a +2 buckler (worn)
Wands
 x - a wand of iceblast (6)
Scrolls
 b - 5 scrolls of identify {unknown}
 d - a scroll of amnesia {unknown}
 e - 3 scrolls of holy word {unknown}
 k - 2 scrolls of magic mapping {unknown}
Potions
 f - a potion of brilliance {unknown}
 g - a potion of heal wounds {unknown}
 h - a potion of resistance {unknown}
 j - a potion of might {unknown}
 m - a potion of magic {unknown}


   Skills:
 - Level 3.0 Dodging
 - Level 2.4 Stealth
 * Level 0.1 Shields
 - Level 3.0 Spellcasting
 * Level 5.1 Ice Magic


You had 6 spell levels left.
You knew the following spells:

 Your Spells              Type           Power      Damage    Failure   Level
a - Freeze                Ice            88%        1d10      3%          1

Your spell library contained the following spells:

 Spells                   Type           Power      Damage    Failure   Level
 Frozen Ramparts          Ice            44%        1d6       9%          3
 Ozocubu's Armour         Ice            22%        N/A       9%          3
 Sublimation of Blood     Necr           1%         N/A       36%         2
 Hailstorm                Conj/Ice       12%        3d5       65%         4
 Petrify                  Tmut/Erth      2%         N/A       94%         4
 Irradiate                Conj/Tmut      1%         3d13      100%        5


Dungeon Overview and Level Annotations

Branches:
Dungeon (3/15)

Altars:

Annotations:
D:3 Ijyb


Message History

You are poisoned.
You feel sick.
You feel sick.
You miss the goblin.
You feel sick. The goblin hits you with a +0 dagger.
You hit the goblin.
Your weapon exudes an aura of protection.
You kill the goblin!
You feel sick.
Casting: Freeze (safe; 3% risk of failure)
Confirm with . or Enter, or press ? or * to list all spells.
Aiming: Freeze (safe; 3% risk of failure)
Press: ? - help, Shift-Dir - straight line, f - Ijyb
Aim: Ijyb, wielding a +0 club, wearing a +0 leather armour and carrying a wand of acid (5)
You freeze Ijyb!
Ijyb is moderately wounded.
You feel sick.
You are no longer poisoned.
Ijyb hits you with a +0 club.
* * * LOW HITPOINT WARNING * * *
Casting: Freeze (safe; 3% risk of failure)
Confirm with . or Enter, or press ? or * to list all spells.
Aiming: Freeze (safe; 3% risk of failure)
Press: ? - help, Shift-Dir - straight line, f/p - Ijyb
Aim: Ijyb, wielding a +0 club, wearing a +0 leather armour and carrying a wand of acid (5) (moderately wounded)
You freeze Ijyb.
Ijyb is moderately wounded.
Ijyb hits you with a +0 club.
* * * LOW HITPOINT WARNING * * *
Okay, then.
Casting: Freeze (safe; 3% risk of failure)
Confirm with . or Enter, or press ? or * to list all spells.
Aiming: Freeze (safe; 3% risk of failure)
Press: ? - help, Shift-Dir - straight line, f/p - Ijyb
Aim: Ijyb, wielding a +0 club, wearing a +0 leather armour and carrying a wand of acid (5) (moderately wounded)
You freeze Ijyb.
Ijyb is heavily wounded.
Ijyb zaps a wand.
The bolt of acid hits you!!
Ouch! That really hurt!
You die...

#..# #.#.# #..#
###.#.########..#
...............#
..............####
#...#####.######.. #...#
#.# #.# #.#.###g..#
#.######.#
......)@..#####....>....
#.#.###...........####.#
##.########.####.# #.#
#......# ..# ########
####


You could see Ijyb.

Vanquished Creatures
  An endoplasm (D:1)
  2 goblins
  4 jackals (D:1)
  A quokka (D:1)
  6 ball pythons
  3 bats
  3 frilled lizards (D:1)
  3 kobolds
  3 rats
26 creatures vanquished.

Notes
Turn   | Place    | Note
-------+----------+-------------------------------------------
     0 | D:1      | wakim the Deep Elf Ice Elementalist began the quest for the
                  | Orb.
     0 | D:1      | Reached XP level 1. HP: 10/10 MP: 6/6
   205 | D:1      | Reached XP level 2. HP: 12/15 MP: 4/8
   289 | D:1      | Found a faded altar of an unknown god.
   946 | D:1      | Reached skill level 5 in Ice Magic
  1863 | D:3      | Noticed Ijyb
  2216 | D:3      | Killed from afar by Ijyb

Illustrated notes

Levels and vault maps discovered:
D:1:      roderic_dead_forest, layout_basic,
          shapermc_ecumenical_altar_mp_ritualfount
D:2:      layout_basic
D:3:      layout_loops_ring, palyth_temple_overflow_mages, minivault_14,
          uniq_ijyb

Skill      XL: |  1  2 |
---------------+-------+-----
Ice Magic      | 5 |  5.1
Dodging        | 3 |  3.0
Stealth        | |  2.4
Shields        | |  0.1
Spellcasting   | |  3.0

Action                   || total
-------------------------++-------
Melee: Short sword       ||    19
       Dagger            ||     7
 Cast: Freeze            ||    22
 Stab: Sleeping          ||     6
Armor: Robe              ||     7
Dodge: Dodged            ||    22
Block: Buckler           ||     1

Table legend: (Time is in decaauts)
 A = Elapsed time spent in this place.
 B = Non-inter-level travel time spent in this place.
 C = Inter-level travel time spent in this place.
 D = Time resting spent in this place.
 E = Time spent auto-exploring this place.
 F = Levels seen in this place.
 G = Mean time per level.
                   A        B        C        D        E       F      G
               +--------+--------+--------+--------+--------+-----+--------+
         Total |   2221 |   2119 |    102 |      0 |   1736 |   3 |  740.3 |
       Dungeon |   2221 |   2119 |    102 |      0 |   1736 |   3 |  740.3 |
               +--------+--------+--------+--------+--------+-----+--------+

Top non-repeatable levels by time:
     D:1: 965 daAuts
     D:2: 929 daAuts
     D:3: 326 daAuts
